Capitals vs Flyers
(R1)
Created - 16 janvier 2013 at 23:06
Goals
|
| Capitals |
0 |
3 |
1 |
4 |
| Flyers |
0 |
2 |
4 |
6 |
|
Shots
|
| Capitals |
9 |
10 |
6 |
25 |
| Flyers |
10 |
13 |
22 |
45 |
|
1st period
No Goal
Penalties :
Evgeni Malkin (Was) for Interference (Minor) at 0:03, Matt Jones (Phi) for Hooking (Minor) at 6:30, Dennis Wideman (Was) for Hooking (Minor) at 18:10
2nd period
1. Capitals , Alex Tanguay 6 (Corey Perry, Dennis Wideman) at 9:25
2. Flyers , Brian Campbell 3 (Marcel Goc, Scott Hannan) at 10:44
3. Capitals , Patrick Kane 18 (Nicklas Backstrom, Sergei Gonchar) at 14:03 (PP)
4. Flyers , Shane Doan 12 (Brooks Orpik, Marc Savard) at 16:26
5. Capitals , Patrick Kane 19 (Milan Michalek) at 19:48
Penalties :
Matt Jones (Phi) for Hooking (Minor) at 2:56, Matt Jones (Phi) for Holding (Minor) at 8:13, Jordan Staal (Was) for Tripping (Minor) at 8:13, Marc Savard (Phi) for Interference (Minor) at 12:48
3rd period
6. Flyers , Jeff O'Neill 7 (Brooks Orpik, Andrei Kostitsyn) at 2:15
7. Flyers , Mark Bell 7 (Marcel Goc, Eric Godard) at 9:53
8. Capitals , Thomas Vanek 6 (Nicklas Backstrom, Brian Rafalski) at 13:43
9. Flyers , Simon Gagné 11 (Martin St. Louis, Kyle Wellwood) at 14:20
10. Flyers , Steve Montador 2 (Jeff O'Neill) at 15:12
Penalties :
Chris Mason (Phi) for Slashing (Minor) at 15:16 - Andrei Kostitsyn served the penalty, Brian Campbell (Phi) for Slashing (Minor) at 17:22, Brian Rolston (Was) for Hooking (Minor) at 17:22
Goalie Stats
Marty Turco (Was), 39 saves from 45 shots - (0,867), L, 13-7-1, 60:00 minutes
Chris Mason (Phi), 21 saves from 25 shots - (0,840), W, 9-6-1, 60:00 minutes
Players Stats for Capitals
Player Name G A P +/- PIM S H SB GA TA FO MP PP MP PK MP
------------------------------------------------------------------------------------
Ales Hemsky 0 0 0 -2 0 0 0 0 0 0 0/0 7:37 0:19 0:00
Alex Tanguay 1 0 1 0 0 4 2 0 0 3 0/0 13:55 0:19 2:26
Brian Rafalski 0 1 1 -1 0 1 0 0 0 0 0/0 17:47 2:40 2:32
Brian Rolston 0 0 0 -1 2 2 1 0 0 1 0/0 10:26 0:00 0:00
Corey Perry 0 1 1 0 0 0 0 0 1 0 0/0 16:10 4:01 0:00
Darius Kasparaitis 0 0 0 -1 0 0 0 1 0 0 0/0 10:56 0:00 0:34
Dennis Wideman 0 1 1 0 2 1 1 1 0 1 0/0 26:23 4:32 0:52
Evgeni Malkin 0 0 0 0 2 2 5 1 1 1 11/32 22:29 3:09 1:24
François Beauchemin 0 0 0 -2 0 0 1 1 0 0 0/0 22:01 2:40 1:27
Jason Blake 0 0 0 -2 0 1 1 0 0 0 0/0 7:10 0:00 0:18
Jordan Staal 0 0 0 -3 2 0 3 1 0 1 1/5 10:11 0:52 1:33
Milan Michalek 0 1 1 1 0 0 1 2 0 0 1/2 18:04 2:52 0:00
Nicklas Backstrom 0 2 2 -1 0 1 2 0 0 0 4/8 16:31 3:11 0:43
Patrick Kane 2 0 2 0 0 4 2 0 0 0 0/2 20:38 2:52 0:00
Peter Regin 0 0 0 -1 0 3 0 0 0 0 2/6 10:26 0:00 0:00
Sergei Gonchar 0 1 1 0 0 1 1 4 2 0 0/0 27:37 4:32 2:31
Thomas Vanek 1 0 1 -1 0 4 2 1 1 0 0/2 18:09 4:01 1:32
Toni Lydman 0 0 0 -2 0 1 0 1 0 1 0/0 15:30 0:00 0:00
Players Stats for Flyers
Player Name G A P +/- PIM S H SB GA TA FO MP PP MP PK MP
------------------------------------------------------------------------------------
Andrei Kostitsyn 0 1 1 1 0 0 1 0 0 0 0/0 10:38 0:00 0:57
Brian Campbell 1 0 1 1 2 3 0 1 0 1 0/0 20:56 2:56 1:30
Brooks Orpik 0 2 2 3 0 1 1 1 0 0 0/0 24:46 0:00 3:52
Ed Jovanovski 0 0 0 -1 0 0 0 1 1 0 0/0 15:14 1:02 3:20
Eric Godard 0 1 1 1 0 2 1 0 0 0 0/0 7:27 0:00 0:00
Jeff O'Neill 1 1 2 2 0 4 0 0 0 0 0/3 12:11 0:00 2:21
Kyle Wellwood 0 1 1 0 0 1 2 1 0 0 8/16 15:00 0:00 3:50
Loui Eriksson 0 0 0 1 0 1 0 1 1 0 1/1 19:22 1:41 0:26
Marc Savard 0 1 1 0 2 4 1 0 0 0 25/31 20:28 2:17 0:00
Marcel Goc 0 2 2 2 0 3 0 1 2 0 2/2 10:24 1:41 0:00
Mark Bell 1 0 1 0 0 6 1 0 0 0 0/0 12:03 0:00 3:50
Martin St. Louis 0 1 1 0 0 1 3 0 1 0 0/0 15:19 1:41 1:59
Matt Jones 0 0 0 0 6 2 0 2 0 1 0/0 14:52 1:02 1:15
Miroslav Satan 0 0 0 2 0 1 0 0 0 0 0/0 8:47 0:00 0:00
Scott Hannan 0 1 1 -1 0 1 2 1 0 1 0/0 18:43 2:56 0:35
Shane Doan 1 0 1 0 0 6 2 0 2 0 2/3 19:41 2:17 1:01
Simon Gagné 1 0 1 0 0 4 0 0 0 0 0/1 16:12 2:17 0:00
Steve Montador 1 0 1 5 0 5 5 0 1 2 0/0 26:42 0:00 3:52
3 Stars
1 - Steve Montador (Phi)
2 - Patrick Kane (Was)
3 - Jeff O'Neill (Phi)
Power Play
Capitals - 1 on 4 Attempt(s) - 25,00%
Flyers - 0 on 2 Attempt(s) - 0,00%
Penalty Kill
Capitals - 2 on 2 Attempt(s) - 100,00%
- Score 0 goal in Penalty Kill
Flyers - 3 on 4 Attempt(s) - 75,00%
- Score 0 goal in Penalty Kill
Official
Referees : Hebert Ghislain and McCreary Bill
Linesman : Derek Nansen and Pierre Racicot
Game Notes
No Game Note
Finance
Level 1 -- Attendance: 5211 (86,85%) -- Ticket Income 484 623 $
Level 2 -- Attendance: 4798 (95,96%) -- Ticket Income 249 496 $
Level 3 -- Attendance: 1973 (98,65%) -- Ticket Income 63 136 $
Level 4 -- Attendance: 3766 (94,15%) -- Ticket Income 75 320 $
Luxury Box -- Attendance: 1000 (100,00%) -- Ticket Income 179 000 $
Game was played at the Spectrum
Total Attendance: 16748 (93,04%)
Total Ticket Income: 1 051 575 $
Total Income: 1 051 575 $
Capitals
5 vs 5 Forward
Center Left Wing Right Wing Time % Phy DF OF
1 Evgeni Malkin Milan Michalek Patrick Kane 42 0 1 4
2 Nicklas Backstrom Thomas Vanek Corey Perry 32 0 1 4
3 Peter Regin Alex Tanguay Brian Rolston 20 0 2 3
4 Jordan Staal Jason Blake Ales Hemsky 6 1 2 2
5 vs 5 Defense
Defense Defense Time % Phy DF OF
1 Sergei Gonchar Dennis Wideman 40 0 2 3
2 François Beauchemin Toni Lydman 30 2 2 1
3 Brian Rafalski Darius Kasparaitis 20 1 2 2
4 Sergei Gonchar Dennis Wideman 10 1 2 2
PowerPlay Forward
Center Left Wing Right Wing Time % Phy DF OF
1 Evgeni Malkin Thomas Vanek Corey Perry 60 0 0 5
2 Nicklas Backstrom Milan Michalek Patrick Kane 40 0 1 4
PowerPlay Defense
Defense Defense Time % Phy DF OF
1 Sergei Gonchar Dennis Wideman 60 0 1 4
2 François Beauchemin Brian Rafalski 40 0 1 4
Penalty Kill 4 Players Forward
Center Wing Time % Phy DF OF
1 Evgeni Malkin Alex Tanguay 60 0 4 1
2 Jordan Staal Thomas Vanek 40 0 4 1
Penalty Kill 4 Players Defense
Defense Defense Time % Phy DF OF
1 Sergei Gonchar Brian Rafalski 60 1 4 0
2 François Beauchemin Dennis Wideman 40 1 4 0
Penalty Kill - 3 Players Forward
Forward Time % Phy DF OF
1 Evgeni Malkin 60 0 5 0
2 Alex Tanguay 40 0 5 0
Penalty Kill - 3 Players Defense
Defense Defense Time % Phy DF OF
1 Sergei Gonchar Brian Rafalski 60 1 4 0
2 François Beauchemin Dennis Wideman 40 1 4 0
4 vs 4 Forward
Center Wing Time % Phy DF OF
1 Evgeni Malkin Patrick Kane 60 0 2 3
2 Nicklas Backstrom Thomas Vanek 40 0 2 3
4 vs 4 Defense
Defense Defense Time % Phy DF OF
1 Sergei Gonchar Brian Rafalski 60 1 2 2
2 François Beauchemin Dennis Wideman 40 1 2 2
Last Minutes Offensive
Center Left Wing Right Wing Defense Defense
Evgeni Malkin Alex Tanguay Thomas Vanek Sergei Gonchar Brian Rafalski
Last Minutes Defensive
Center Left Wing Right Wing Defense Defense
Evgeni Malkin Alex Tanguay Thomas Vanek Sergei Gonchar Brian Rafalski
Goaltenders
Starting : Marty Turco
Backup : Ty Conklin
Extra Forwards
Normal : Evgeni Malkin, Patrick Kane, Corey Perry - PP : Evgeni Malkin, Patrick Kane - PK : Thomas Vanek
Extra Defensemen
Normal : Toni Lydman, Darius Kasparaitis, François Beauchemin - PP : Toni Lydman - PK : Darius Kasparaitis, François Beauchemin
Penalty Shots
Evgeni Malkin, Milan Michalek, Thomas Vanek, Nicklas Backstrom, Patrick Kane
Flyers
5 vs 5 Forward
Center Left Wing Right Wing Time % Phy DF OF
1 Marc Savard Loui Eriksson Shane Doan 40 1 1 3
2 Kyle Wellwood Simon Gagné Martin St. Louis 30 0 2 3
3 Jeff O'Neill Andrei Kostitsyn Miroslav Satan 20 1 1 3
4 Marcel Goc Mark Bell Eric Godard 10 2 2 1
5 vs 5 Defense
Defense Defense Time % Phy DF OF
1 Steve Montador Brooks Orpik 40 3 2 0
2 Brian Campbell Scott Hannan 30 0 1 4
3 Ed Jovanovski Matt Jones 20 1 3 1
4 Steve Montador Brian Campbell 10 1 3 1
PowerPlay Forward
Center Left Wing Right Wing Time % Phy DF OF
1 Marc Savard Simon Gagné Shane Doan 60 1 0 4
2 Marcel Goc Loui Eriksson Martin St. Louis 40 1 1 3
PowerPlay Defense
Defense Defense Time % Phy DF OF
1 Brian Campbell Scott Hannan 60 0 1 4
2 Matt Jones Ed Jovanovski 40 2 1 2
Penalty Kill 4 Players Forward
Center Wing Time % Phy DF OF
1 Kyle Wellwood Mark Bell 60 1 4 0
2 Jeff O'Neill Martin St. Louis 40 0 4 1
Penalty Kill 4 Players Defense
Defense Defense Time % Phy DF OF
1 Steve Montador Brooks Orpik 60 2 3 0
2 Ed Jovanovski Matt Jones 40 1 2 2
Penalty Kill - 3 Players Forward
Forward Time % Phy DF OF
1 Jeff O'Neill 60 1 2 2
2 Kyle Wellwood 40 1 2 2
Penalty Kill - 3 Players Defense
Defense Defense Time % Phy DF OF
1 Steve Montador Brooks Orpik 60 1 2 2
2 Ed Jovanovski Matt Jones 40 1 2 2
4 vs 4 Forward
Center Wing Time % Phy DF OF
1 Marc Savard Simon Gagné 60 1 0 4
2 Marcel Goc Loui Eriksson 40 1 1 3
4 vs 4 Defense
Defense Defense Time % Phy DF OF
1 Steve Montador Brooks Orpik 60 2 3 0
2 Scott Hannan Matt Jones 40 1 2 2
Last Minutes Offensive
Center Left Wing Right Wing Defense Defense
Marc Savard Simon Gagné Shane Doan Scott Hannan Brian Campbell
Last Minutes Defensive
Center Left Wing Right Wing Defense Defense
Jeff O'Neill Simon Gagné Martin St. Louis Steve Montador Brooks Orpik
Goaltenders
Starting : Chris Mason
Backup : Ray Emery
Extra Forwards
Normal : Mark Bell, Andrei Kostitsyn, Jeff O'Neill - PP : Andrei Kostitsyn, Miroslav Satan - PK : Shane Doan
Extra Defensemen
Normal : Scott Hannan, Brian Campbell, Ed Jovanovski - PP : Steve Montador - PK : Brian Campbell, Scott Hannan
Penalty Shots
Marc Savard, Simon Gagné, Martin St. Louis, Shane Doan, Loui Eriksson
% Time on Ice - Capitals
Lines # - Real PCT - Wanted PCT - Time Play
Normal Forward
1 - 36% - 42% - 16:05
2 - 26% - 32% - 11:29
3 - 23% - 20% - 10:26
4 - 15% - 6% - 6:52
Normal Defense
1 - 39% - 40% - 17:36
2 - 35% - 30% - 15:54
3 - 23% - 20% - 10:22
4 - 2% - 10% - 1:00
PP Forward
1 - 56% - 60% - 4:01
2 - 44% - 40% - 3:11
PP Defense
1 - 63% - 60% - 4:32
2 - 37% - 40% - 2:40
PK Forward
1 - 69% - 60% - 2:44
2 - 31% - 40% - 1:14
PK Defense
1 - 63% - 60% - 2:31
2 - 37% - 40% - 1:27
PK3 Forward
1 - 0% - 60%
2 - 0% - 40%
PK3 Defense
1 - 0% - 60%
2 - 0% - 40%
44 Forward
1 - 71% - 60% - 2:50
2 - 29% - 40% - 1:08
44 Defense
1 - 50% - 60% - 1:58
2 - 50% - 40% - 2:00
Last Minute Offensive - 0:00
Last Minute Defensive - 0:00
Total
Forward - 60:00
Defense - 60:00
|
% Time on Ice - Flyers
Lines # - Real PCT - Wanted PCT - Time Play
Normal Forward
1 - 37% - 40% - 16:27
2 - 27% - 30% - 12:11
3 - 20% - 20% - 8:47
4 - 17% - 10% - 7:27
Normal Defense
1 - 41% - 40% - 18:35
2 - 29% - 30% - 12:53
3 - 24% - 20% - 10:34
4 - 6% - 10% - 2:50
PP Forward
1 - 58% - 60% - 2:17
2 - 42% - 40% - 1:41
PP Defense
1 - 74% - 60% - 2:56
2 - 26% - 40% - 1:02
PK Forward
1 - 72% - 60% - 5:13
2 - 28% - 40% - 1:59
PK Defense
1 - 54% - 60% - 3:52
2 - 46% - 40% - 3:20
PK3 Forward
1 - 0% - 60%
2 - 0% - 40%
PK3 Defense
1 - 0% - 60%
2 - 0% - 40%
44 Forward
1 - 76% - 60% - 3:01
2 - 24% - 40% - 0:57
44 Defense
1 - 67% - 60% - 2:39
2 - 33% - 40% - 1:19
Last Minute Offensive - 0:00
Last Minute Defensive - 0:00
Total
Forward - 60:00
Defense - 60:00
|
Play by Play
1st period
0:01 of 1st period - Marc Savard wins face-off versus Evgeni Malkin in neutral zone.
0:03 of 1st period - Minor Penalty to Evgeni Malkin for Interference.
0:04 of 1st period - Marc Savard wins face-off versus Thomas Vanek in Capitals zone.
0:05 of 1st period - Wrist shot by Shane Doan.
0:05 of 1st period - Shot Misses the Net.
0:07 of 1st period - Slapshot by Brian Campbell.
0:07 of 1st period - Deflect By Shane Doan.
0:07 of 1st period - Stopped by Marty Turco without a rebound.
0:08 of 1st period - Marc Savard wins face-off versus Thomas Vanek in Capitals zone.
1:39 of 1st period - Wrist shot by Jason Blake.
1:39 of 1st period - Shot Misses the Net.
2:03 of 1st period - Penalty to Evgeni Malkin is over, Evgeni Malkin is back on ice.
2:29 of 1st period - Jeff O'Neill is hit by Dennis Wideman and loses puck.
2:40 of 1st period - Snap shot by Mark Bell.
2:40 of 1st period - Stopped by Marty Turco with a rebound.
2:42 of 1st period - Wrist shot by Steve Montador.
2:42 of 1st period - Shot Misses the Net.
2:58 of 1st period - Jeff O'Neill is hit by Jordan Staal and loses puck.
3:31 of 1st period - Miroslav Satan is hit by Alex Tanguay.
4:47 of 1st period - Matt Jones is hit by Jason Blake and loses puck.
5:29 of 1st period - Alex Tanguay is hit by Scott Hannan and loses puck.
5:46 of 1st period - Toni Lydman is hit by Andrei Kostitsyn and loses puck.
5:53 of 1st period - Brian Campbell is hit by Thomas Vanek and loses puck.
6:04 of 1st period - Brian Campbell is hit by Jordan Staal and loses puck.
6:25 of 1st period - Snap shot by Jeff O'Neill.
6:25 of 1st period - Shot Misses the Net.
6:27 of 1st period - Wrist shot by Miroslav Satan.
6:27 of 1st period - Shot Blocked by François Beauchemin.
6:29 of 1st period - Snap shot by Jeff O'Neill.
6:29 of 1st period - Stopped by Marty Turco without a rebound.
6:30 of 1st period - Marc Savard wins face-off versus Evgeni Malkin in Capitals zone.
6:30 of 1st period - Minor Penalty to Matt Jones for Hooking.
6:31 of 1st period - Kyle Wellwood wins face-off versus Evgeni Malkin in Flyers zone.
6:35 of 1st period - Off-side.
6:36 of 1st period - Kyle Wellwood wins face-off versus Evgeni Malkin in neutral zone.
6:49 of 1st period - Kyle Wellwood is hit by Sergei Gonchar.
8:30 of 1st period - Penalty to Matt Jones is over, Matt Jones is back on ice.
8:39 of 1st period - Brooks Orpik is hit by Brian Rolston and loses puck.
8:46 of 1st period - Alex Tanguay is hit by Martin St. Louis.
8:50 of 1st period - Brian Rolston is hit by Steve Montador and loses puck.
9:00 of 1st period - Off-side.
9:01 of 1st period - Marc Savard wins face-off versus Jordan Staal in neutral zone.
9:16 of 1st period - Wrist shot by Shane Doan.
9:16 of 1st period - Stopped by Marty Turco with a rebound.
9:30 of 1st period - Slapshot by Scott Hannan.
9:30 of 1st period - Stopped by Marty Turco with a rebound.
9:48 of 1st period - François Beauchemin is hit by Martin St. Louis and loses puck.
10:57 of 1st period - Snap shot by Nicklas Backstrom.
10:57 of 1st period - Shot Misses the Net.
11:03 of 1st period - Snap shot by Nicklas Backstrom.
11:03 of 1st period - Stopped by Chris Mason with a rebound.
11:38 of 1st period - Snap shot by Evgeni Malkin.
11:38 of 1st period - Stopped by Chris Mason with a rebound.
11:40 of 1st period - Wrist shot by Brian Rafalski.
11:40 of 1st period - Stopped by Chris Mason without a rebound.
11:41 of 1st period - Nicklas Backstrom wins face-off versus Kyle Wellwood in Flyers zone.
11:48 of 1st period - Wrist shot by Nicklas Backstrom.
11:48 of 1st period - Shot Blocked by Brooks Orpik.
11:50 of 1st period - Slapshot by Dennis Wideman.
11:50 of 1st period - Shot Misses the Net.
11:52 of 1st period - Slapshot by Sergei Gonchar.
11:52 of 1st period - Deflect By Thomas Vanek.
11:52 of 1st period - Shot Misses the Net.
11:52 of 1st period - Puck is out of play.
11:53 of 1st period - Shane Doan wins face-off versus Milan Michalek in Flyers zone.
12:04 of 1st period - Wrist shot by Evgeni Malkin.
12:04 of 1st period - Stopped by Chris Mason without a rebound.
12:05 of 1st period - Evgeni Malkin wins face-off versus Shane Doan in Flyers zone.
12:30 of 1st period - Thomas Vanek is hit by Martin St. Louis and loses puck.
13:01 of 1st period - Slapshot by Miroslav Satan.
13:01 of 1st period - Shot Misses the Net.
13:03 of 1st period - Slapshot by Andrei Kostitsyn.
13:03 of 1st period - Deflect By Miroslav Satan.
13:03 of 1st period - Stopped by Marty Turco with a rebound.
13:05 of 1st period - Wrist shot by Miroslav Satan.
13:05 of 1st period - Shot Misses the Net.
13:19 of 1st period - Wrist shot by Peter Regin.
13:19 of 1st period - Stopped by Chris Mason with a rebound.
13:21 of 1st period - Slapshot by Alex Tanguay.
13:21 of 1st period - Stopped by Chris Mason with a rebound.
13:23 of 1st period - Slapshot by François Beauchemin.
13:23 of 1st period - Shot Blocked by Ed Jovanovski.
13:25 of 1st period - Slapshot by Toni Lydman.
13:25 of 1st period - Stopped by Chris Mason without a rebound.
13:26 of 1st period - Evgeni Malkin wins face-off versus Kyle Wellwood in Flyers zone.
13:29 of 1st period - Snap shot by Evgeni Malkin.
13:29 of 1st period - Shot Misses the Net.
14:31 of 1st period - Snap shot by Alex Tanguay.
14:31 of 1st period - Stopped by Chris Mason without a rebound.
14:32 of 1st period - Marcel Goc wins face-off versus Peter Regin in Flyers zone.
15:00 of 1st period - Wrist shot by Loui Eriksson.
15:00 of 1st period - Shot Misses the Net.
15:02 of 1st period - Slapshot by Ed Jovanovski.
15:02 of 1st period - Shot Blocked by Milan Michalek.
15:04 of 1st period - Snap shot by Marc Savard.
15:04 of 1st period - Shot Blocked by Evgeni Malkin.
15:06 of 1st period - Slapshot by Matt Jones.
15:06 of 1st period - Shot Misses the Net.
15:08 of 1st period - Slapshot by Ed Jovanovski.
15:08 of 1st period - Shot Misses the Net.
15:51 of 1st period - Eric Godard is hit by Nicklas Backstrom and loses puck.
16:22 of 1st period - Wrist shot by Patrick Kane.
16:22 of 1st period - Shot Misses the Net.
16:24 of 1st period - Snap shot by Patrick Kane.
16:24 of 1st period - Stopped by Chris Mason with a rebound.
17:00 of 1st period - Slapshot by Martin St. Louis.
17:00 of 1st period - Stopped by Marty Turco with a rebound.
17:02 of 1st period - Wrist shot by Simon Gagné.
17:02 of 1st period - Stopped by Marty Turco with a rebound.
17:04 of 1st period - Slapshot by Brooks Orpik.
17:04 of 1st period - Deflect By Simon Gagné.
17:04 of 1st period - Shot Blocked by Dennis Wideman.
17:04 of 1st period - Puck is out of play.
17:05 of 1st period - Evgeni Malkin wins face-off versus Kyle Wellwood in Capitals zone.
17:59 of 1st period - Off-side.
18:00 of 1st period - Marc Savard wins face-off versus Peter Regin in neutral zone.
18:03 of 1st period - Wrist shot by Brooks Orpik.
18:03 of 1st period - Shot Misses the Net.
18:05 of 1st period - Snap shot by Shane Doan.
18:05 of 1st period - Shot Misses the Net.
18:07 of 1st period - Wrist shot by Brooks Orpik.
18:07 of 1st period - Deflect By Sergei Gonchar.
18:07 of 1st period - Stopped by Marty Turco without a rebound.
18:08 of 1st period - Loui Eriksson wins face-off versus Peter Regin in Capitals zone.
18:10 of 1st period - Minor Penalty to Dennis Wideman for Hooking.
18:11 of 1st period - Marc Savard wins face-off versus Evgeni Malkin in Capitals zone.
18:25 of 1st period - Icing by Scott Hannan.
18:26 of 1st period - Marc Savard wins face-off versus Evgeni Malkin in Flyers zone.
18:35 of 1st period - Snap shot by Simon Gagné.
18:35 of 1st period - Stopped by Marty Turco without a rebound.
18:36 of 1st period - Marc Savard wins face-off versus Evgeni Malkin in Capitals zone.
2nd period
0:01 of 2nd period - Marc Savard wins face-off versus Evgeni Malkin in neutral zone.
0:04 of 2nd period - Wrist shot by Marc Savard.
0:04 of 2nd period - Shot Misses the Net.
0:06 of 2nd period - Slapshot by Brian Campbell.
0:06 of 2nd period - Stopped by Marty Turco with a rebound.
0:08 of 2nd period - Slapshot by Brian Campbell.
0:08 of 2nd period - Stopped by Marty Turco without a rebound.
0:09 of 2nd period - Marc Savard wins face-off versus Evgeni Malkin in Capitals zone.
0:10 of 2nd period - Penalty to Dennis Wideman is over, Dennis Wideman is back on ice.
0:19 of 2nd period - Brian Rafalski is hit by Marc Savard.
0:24 of 2nd period - Off-side.
0:25 of 2nd period - Marc Savard wins face-off versus Patrick Kane in neutral zone.
0:32 of 2nd period - Wrist shot by Marc Savard.
0:32 of 2nd period - Stopped by Marty Turco without a rebound.
0:33 of 2nd period - Evgeni Malkin wins face-off versus Marc Savard in Capitals zone.
0:33 of 2nd period - Evgeni Malkin is hit by Steve Montador.
1:13 of 2nd period - Snap shot by Marc Savard.
1:13 of 2nd period - Stopped by Marty Turco with a rebound.
1:15 of 2nd period - Wrist shot by Loui Eriksson.
1:15 of 2nd period - Stopped by Marty Turco with a rebound.
1:17 of 2nd period - Slapshot by Shane Doan.
1:17 of 2nd period - Shot Blocked by Milan Michalek.
1:29 of 2nd period - Snap shot by Marc Savard.
1:29 of 2nd period - Shot Misses the Net.
1:59 of 2nd period - Snap shot by Marc Savard.
1:59 of 2nd period - Shot Blocked by Sergei Gonchar.
2:01 of 2nd period - Slapshot by Steve Montador.
2:01 of 2nd period - Shot Misses the Net.
2:03 of 2nd period - Wrist shot by Marc Savard.
2:03 of 2nd period - Stopped by Marty Turco with a rebound.
2:05 of 2nd period - Snap shot by Loui Eriksson.
2:05 of 2nd period - Shot Misses the Net.
2:07 of 2nd period - Slapshot by Steve Montador.
2:07 of 2nd period - Stopped by Marty Turco with a rebound.
2:09 of 2nd period - Slapshot by Loui Eriksson.
2:09 of 2nd period - Shot Misses the Net.
2:11 of 2nd period - Wrist shot by Shane Doan.
2:11 of 2nd period - Stopped by Marty Turco with a rebound.
2:13 of 2nd period - Slapshot by Steve Montador.
2:13 of 2nd period - Stopped by Marty Turco without a rebound.
2:14 of 2nd period - Nicklas Backstrom wins face-off versus Kyle Wellwood in Capitals zone.
2:56 of 2nd period - Minor Penalty to Matt Jones for Hooking.
2:57 of 2nd period - Kyle Wellwood wins face-off versus Jordan Staal in Flyers zone.
3:12 of 2nd period - Slapshot by Corey Perry.
3:12 of 2nd period - Deflect By Thomas Vanek.
3:12 of 2nd period - Deflect By Mark Bell.
3:12 of 2nd period - Stopped by Chris Mason with a rebound.
4:18 of 2nd period - Nicklas Backstrom is hit by Steve Montador.
4:56 of 2nd period - Penalty to Matt Jones is over, Matt Jones is back on ice.
5:05 of 2nd period - Wrist shot by Alex Tanguay.
5:05 of 2nd period - Shot Misses the Net.
5:07 of 2nd period - Wrist shot by Alex Tanguay.
5:07 of 2nd period - Stopped by Chris Mason without a rebound.
5:08 of 2nd period - Peter Regin wins face-off versus Marc Savard in Flyers zone.
5:52 of 2nd period - Mark Bell is hit by Evgeni Malkin and loses puck.
6:45 of 2nd period - Off-side.
6:46 of 2nd period - Jordan Staal wins face-off versus Kyle Wellwood in neutral zone.
6:54 of 2nd period - François Beauchemin is hit by Steve Montador and loses puck.
7:00 of 2nd period - Off-side.
7:01 of 2nd period - Marc Savard wins face-off versus Evgeni Malkin in neutral zone.
8:10 of 2nd period - Snap shot by Jason Blake.
8:10 of 2nd period - Stopped by Chris Mason without a rebound.
8:11 of 2nd period - Marc Savard wins face-off versus Jordan Staal in Flyers zone.
8:13 of 2nd period - Minor Penalty to Matt Jones for Holding.
8:13 of 2nd period - Minor Penalty to Jordan Staal for Tripping.
8:14 of 2nd period - Marc Savard wins face-off versus Evgeni Malkin in Flyers zone.
8:23 of 2nd period - Snap shot by Simon Gagné.
8:23 of 2nd period - Shot Misses the Net.
9:25 of 2nd period - Wrist shot by Alex Tanguay.
9:25 of 2nd period - Goal by Alex Tanguay - Capitals : 1 - Flyers : 0.
9:26 of 2nd period - Evgeni Malkin wins face-off versus Marc Savard in neutral zone.
10:04 of 2nd period - Snap shot by Thomas Vanek.
10:04 of 2nd period - Shot Misses the Net.
10:13 of 2nd period - Penalty to Matt Jones is over, Matt Jones is back on ice.
10:13 of 2nd period - Penalty to Jordan Staal is over, Jordan Staal is back on ice.
10:32 of 2nd period - Wrist shot by Evgeni Malkin.
10:32 of 2nd period - Shot Blocked by Marcel Goc.
10:42 of 2nd period - Wrist shot by Marcel Goc.
10:42 of 2nd period - Stopped by Marty Turco with a rebound.
10:44 of 2nd period - Slapshot by Brian Campbell.
10:44 of 2nd period - Goal by Brian Campbell - Capitals : 1 - Flyers : 1.
10:45 of 2nd period - Nicklas Backstrom wins face-off versus Simon Gagné in neutral zone.
10:50 of 2nd period - Steve Montador is hit by Thomas Vanek and loses puck.
12:01 of 2nd period - Snap shot by Mark Bell.
12:01 of 2nd period - Shot Blocked by Sergei Gonchar.
12:11 of 2nd period - Marcel Goc is hit by Evgeni Malkin and loses puck.
12:24 of 2nd period - Slapshot by Evgeni Malkin.
12:24 of 2nd period - Shot Misses the Net.
12:32 of 2nd period - Snap shot by Patrick Kane.
12:32 of 2nd period - Stopped by Chris Mason with a rebound.
12:34 of 2nd period - Slapshot by Sergei Gonchar.
12:34 of 2nd period - Stopped by Chris Mason without a rebound.
12:35 of 2nd period - Marc Savard wins face-off versus Nicklas Backstrom in Flyers zone.
12:35 of 2nd period - Marc Savard is hit by Nicklas Backstrom.
12:48 of 2nd period - Minor Penalty to Marc Savard for Interference.
12:49 of 2nd period - Kyle Wellwood wins face-off versus Evgeni Malkin in Flyers zone.
13:00 of 2nd period - Snap shot by Mark Bell.
13:00 of 2nd period - Deflect By Kyle Wellwood.
13:00 of 2nd period - Stopped by Marty Turco without a rebound.
13:01 of 2nd period - Kyle Wellwood wins face-off versus Evgeni Malkin in Capitals zone.
14:03 of 2nd period - Slapshot by Patrick Kane.
14:03 of 2nd period - Goal by Patrick Kane - Capitals : 2 - Flyers : 1.
14:04 of 2nd period - Marc Savard wins face-off versus Peter Regin in neutral zone.
14:48 of 2nd period - Off-side.
14:49 of 2nd period - Nicklas Backstrom wins face-off versus Jeff O'Neill in neutral zone.
14:58 of 2nd period - Wrist shot by Thomas Vanek.
14:58 of 2nd period - Stopped by Chris Mason without a rebound.
14:59 of 2nd period - Evgeni Malkin wins face-off versus Marc Savard in Flyers zone.
15:33 of 2nd period - Dennis Wideman is hit by Kyle Wellwood.
15:45 of 2nd period - Andrei Kostitsyn is hit by Alex Tanguay.
15:53 of 2nd period - Andrei Kostitsyn is hit by François Beauchemin and loses puck.
16:20 of 2nd period - Snap shot by Shane Doan.
16:20 of 2nd period - Shot Misses the Net.
16:22 of 2nd period - Slapshot by Shane Doan.
16:22 of 2nd period - Shot Misses the Net.
16:24 of 2nd period - Slapshot by Marc Savard.
16:24 of 2nd period - Shot Blocked by Jordan Staal.
16:26 of 2nd period - Wrist shot by Brooks Orpik.
16:26 of 2nd period - Deflect By Shane Doan.
16:26 of 2nd period - Goal by Shane Doan - Capitals : 2 - Flyers : 2.
16:27 of 2nd period - Marc Savard wins face-off versus Evgeni Malkin in neutral zone.
16:32 of 2nd period - Slapshot by Shane Doan.
16:32 of 2nd period - Shot Misses the Net.
17:23 of 2nd period - Snap shot by Thomas Vanek.
17:23 of 2nd period - Shot Blocked by Matt Jones.
17:42 of 2nd period - Snap shot by Brian Rolston.
17:42 of 2nd period - Stopped by Chris Mason without a rebound.
17:43 of 2nd period - Kyle Wellwood wins face-off versus Nicklas Backstrom in Flyers zone.
18:34 of 2nd period - Miroslav Satan is hit by Milan Michalek and loses puck.
19:21 of 2nd period - Snap shot by Simon Gagné.
19:21 of 2nd period - Shot Misses the Net.
19:48 of 2nd period - Wrist shot by Patrick Kane.
19:48 of 2nd period - Goal by Patrick Kane - Capitals : 3 - Flyers : 2.
19:49 of 2nd period - Shane Doan wins face-off versus Evgeni Malkin in neutral zone.
3rd period
0:01 of 3rd period - Marc Savard wins face-off versus Evgeni Malkin in neutral zone.
0:32 of 3rd period - Off-side.
0:33 of 3rd period - Peter Regin wins face-off versus Kyle Wellwood in neutral zone.
1:01 of 3rd period - Icing by Martin St. Louis.
1:02 of 3rd period - Evgeni Malkin wins face-off versus Kyle Wellwood in Flyers zone.
1:28 of 3rd period - Slapshot by Simon Gagné.
1:28 of 3rd period - Shot Misses the Net.
1:30 of 3rd period - Snap shot by Shane Doan.
1:30 of 3rd period - Shot Blocked by Sergei Gonchar.
1:36 of 3rd period - Snap shot by Shane Doan.
1:36 of 3rd period - Deflect By Marc Savard.
1:36 of 3rd period - Stopped by Marty Turco with a rebound.
1:38 of 3rd period - Slapshot by Matt Jones.
1:38 of 3rd period - Stopped by Marty Turco without a rebound.
1:39 of 3rd period - Marc Savard wins face-off versus Evgeni Malkin in Capitals zone.
2:09 of 3rd period - Snap shot by Andrei Kostitsyn.
2:09 of 3rd period - Shot Blocked by Toni Lydman.
2:11 of 3rd period - Snap shot by Brooks Orpik.
2:11 of 3rd period - Shot Misses the Net.
2:13 of 3rd period - Snap shot by Jeff O'Neill.
2:13 of 3rd period - Stopped by Marty Turco with a rebound.
2:15 of 3rd period - Snap shot by Jeff O'Neill.
2:15 of 3rd period - Goal by Jeff O'Neill - Capitals : 3 - Flyers : 3.
2:16 of 3rd period - Evgeni Malkin wins face-off versus Marc Savard in neutral zone.
3:57 of 3rd period - Wrist shot by Evgeni Malkin.
3:57 of 3rd period - Shot Misses the Net.
4:16 of 3rd period - Slapshot by Marc Savard.
4:16 of 3rd period - Shot Blocked by Thomas Vanek.
4:37 of 3rd period - Slapshot by Peter Regin.
4:37 of 3rd period - Stopped by Chris Mason with a rebound.
4:39 of 3rd period - Slapshot by Peter Regin.
4:39 of 3rd period - Stopped by Chris Mason with a rebound.
4:41 of 3rd period - Wrist shot by Brian Rolston.
4:41 of 3rd period - Stopped by Chris Mason with a rebound.
5:09 of 3rd period - Marc Savard is hit by Jordan Staal and loses puck.
5:47 of 3rd period - Alex Tanguay is hit by Steve Montador and loses puck.
5:52 of 3rd period - Snap shot by Jeff O'Neill.
5:52 of 3rd period - Stopped by Marty Turco without a rebound.
5:53 of 3rd period - Evgeni Malkin wins face-off versus Jeff O'Neill in Capitals zone.
6:18 of 3rd period - Brian Rafalski is hit by Shane Doan and loses puck.
6:46 of 3rd period - Alex Tanguay is hit by Brooks Orpik and loses puck.
7:07 of 3rd period - Snap shot by Eric Godard.
7:07 of 3rd period - Deflect By Mark Bell.
7:07 of 3rd period - Stopped by Marty Turco with a rebound.
7:09 of 3rd period - Slapshot by Mark Bell.
7:09 of 3rd period - Stopped by Marty Turco without a rebound.
7:10 of 3rd period - Marc Savard wins face-off versus Nicklas Backstrom in Capitals zone.
7:35 of 3rd period - Patrick Kane is hit by Kyle Wellwood.
7:39 of 3rd period - Slapshot by Toni Lydman.
7:39 of 3rd period - Shot Blocked by Brian Campbell.
7:41 of 3rd period - Snap shot by Evgeni Malkin.
7:41 of 3rd period - Shot Misses the Net.
8:22 of 3rd period - Snap shot by Thomas Vanek.
8:22 of 3rd period - Stopped by Chris Mason with a rebound.
8:24 of 3rd period - Backhand shot by Corey Perry.
8:24 of 3rd period - Shot Blocked by Matt Jones.
8:40 of 3rd period - Snap shot by Marcel Goc.
8:40 of 3rd period - Stopped by Marty Turco with a rebound.
8:42 of 3rd period - Wrist shot by Eric Godard.
8:42 of 3rd period - Stopped by Marty Turco without a rebound.
8:43 of 3rd period - Marcel Goc wins face-off versus Jordan Staal in Capitals zone.
8:52 of 3rd period - Snap shot by Mark Bell.
8:52 of 3rd period - Stopped by Marty Turco with a rebound.
8:58 of 3rd period - Wrist shot by Marcel Goc.
8:58 of 3rd period - Stopped by Marty Turco with a rebound.
9:00 of 3rd period - Snap shot by Marcel Goc.
9:00 of 3rd period - Shot Misses the Net.
9:02 of 3rd period - Wrist shot by Steve Montador.
9:02 of 3rd period - Deflect By Eric Godard.
9:02 of 3rd period - Stopped by Marty Turco with a rebound.
9:04 of 3rd period - Slapshot by Steve Montador.
9:04 of 3rd period - Shot Misses the Net.
9:53 of 3rd period - Snap shot by Mark Bell.
9:53 of 3rd period - Goal by Mark Bell - Capitals : 3 - Flyers : 4.
9:54 of 3rd period - Milan Michalek wins face-off versus Marc Savard in neutral zone.
9:59 of 3rd period - Slapshot by Evgeni Malkin.
9:59 of 3rd period - Shot Misses the Net.
10:01 of 3rd period - Slapshot by Milan Michalek.
10:01 of 3rd period - Shot Misses the Net.
10:03 of 3rd period - Slapshot by Sergei Gonchar.
10:03 of 3rd period - Shot Misses the Net.
10:05 of 3rd period - Wrist shot by Patrick Kane.
10:05 of 3rd period - Shot Blocked by Scott Hannan.
10:07 of 3rd period - Wrist shot by Patrick Kane.
10:07 of 3rd period - Deflect By Evgeni Malkin.
10:07 of 3rd period - Shot Blocked by Loui Eriksson.
10:07 of 3rd period - Puck is out of play.
10:08 of 3rd period - Marc Savard wins face-off versus Nicklas Backstrom in Flyers zone.
10:15 of 3rd period - Wrist shot by Shane Doan.
10:15 of 3rd period - Shot Blocked by Sergei Gonchar.
10:21 of 3rd period - Snap shot by Shane Doan.
10:21 of 3rd period - Stopped by Marty Turco with a rebound.
10:23 of 3rd period - Snap shot by Shane Doan.
10:23 of 3rd period - Stopped by Marty Turco without a rebound.
10:24 of 3rd period - Kyle Wellwood wins face-off versus Evgeni Malkin in Capitals zone.
10:35 of 3rd period - Snap shot by Simon Gagné.
10:35 of 3rd period - Stopped by Marty Turco with a rebound.
10:37 of 3rd period - Wrist shot by Martin St. Louis.
10:37 of 3rd period - Shot Misses the Net.
10:39 of 3rd period - Snap shot by Brian Campbell.
10:39 of 3rd period - Shot Misses the Net.
11:32 of 3rd period - Jordan Staal is hit by Eric Godard and loses puck.
11:51 of 3rd period - Kyle Wellwood is hit by Evgeni Malkin.
12:13 of 3rd period - Nicklas Backstrom is hit by Shane Doan and loses puck.
13:43 of 3rd period - Wrist shot by Thomas Vanek.
13:43 of 3rd period - Goal by Thomas Vanek - Capitals : 4 - Flyers : 4.
13:44 of 3rd period - Marc Savard wins face-off versus Evgeni Malkin in neutral zone.
13:47 of 3rd period - Slapshot by Steve Montador.
13:47 of 3rd period - Stopped by Marty Turco with a rebound.
13:55 of 3rd period - Marc Savard is hit by Evgeni Malkin and loses puck.
14:18 of 3rd period - Wrist shot by Simon Gagné.
14:18 of 3rd period - Shot Blocked by Darius Kasparaitis.
14:20 of 3rd period - Slapshot by Simon Gagné.
14:20 of 3rd period - Goal by Simon Gagné - Capitals : 4 - Flyers : 5.
14:21 of 3rd period - Marc Savard wins face-off versus Patrick Kane in neutral zone.
15:12 of 3rd period - Snap shot by Steve Montador.
15:12 of 3rd period - Goal by Steve Montador - Capitals : 4 - Flyers : 6.
15:13 of 3rd period - Evgeni Malkin wins face-off versus Jeff O'Neill in neutral zone.
15:16 of 3rd period - Wrist shot by Dennis Wideman.
15:16 of 3rd period - Deflect By Brian Campbell.
15:16 of 3rd period - Stopped by Chris Mason without a rebound.
15:16 of 3rd period - Minor Penalty to Chris Mason for Slashing.
15:17 of 3rd period - Evgeni Malkin wins face-off versus Kyle Wellwood in Flyers zone.
15:30 of 3rd period - Backhand shot by Corey Perry.
15:30 of 3rd period - Deflect By Thomas Vanek.
15:30 of 3rd period - Shot Blocked by Kyle Wellwood.
15:30 of 3rd period - Puck is out of play.
15:31 of 3rd period - Kyle Wellwood wins face-off versus Evgeni Malkin in Flyers zone.
16:35 of 3rd period - Shane Doan is hit by Patrick Kane and loses puck.
17:16 of 3rd period - Penalty to Andrei Kostitsyn is over, Andrei Kostitsyn is back on ice.
17:22 of 3rd period - Minor Penalty to Brian Campbell for Slashing.
17:22 of 3rd period - Minor Penalty to Brian Rolston for Hooking.
17:23 of 3rd period - Marc Savard wins face-off versus Evgeni Malkin in Flyers zone.
17:30 of 3rd period - Slapshot by Steve Montador.
17:30 of 3rd period - Deflect By Evgeni Malkin.
17:30 of 3rd period - Stopped by Marty Turco with a rebound.
18:00 of 3rd period - Marc Savard is hit by Patrick Kane and loses puck.
18:13 of 3rd period - Dennis Wideman is hit by Scott Hannan and loses puck.
18:30 of 3rd period - François Beauchemin is hit by Mark Bell and loses puck.
18:41 of 3rd period - Wrist shot by Mark Bell.
18:41 of 3rd period - Stopped by Marty Turco with a rebound.
18:43 of 3rd period - Slapshot by Matt Jones.
18:43 of 3rd period - Stopped by Marty Turco with a rebound.
18:53 of 3rd period - Brooks Orpik is hit by Evgeni Malkin and loses puck.
19:22 of 3rd period - Penalty to Brian Campbell is over, Brian Campbell is back on ice.
19:22 of 3rd period - Penalty to Brian Rolston is over, Brian Rolston is back on ice.
Output by the SimonT Hockey Simulator (STHS) for François Prévost -- Original Page W3C XHTML 1.0 Valid